 Dungeon Crawl Stone Soup version 0.21.1-1-g345015f (webtiles) character file.

4165 Fang the Cleaver (level 10, -2/64 HPs)
             Began as a Gargoyle Berserker on May 21, 2018.
             Was an Elder of Trog.
             Slain by a hippogriff (7 damage)
             ... on level 10 of the Dungeon.
             The game lasted 00:11:44 (11079 turns).

Fang the Cleaver (Gargoyle Berserker)              Turns: 11079, Time: 00:11:45

Health: -2/64      AC:  2    Str: 25    XL:     10   Next: 28%
Magic:  10/10      EV: 14    Int:  7    God:    Trog [****..]
Gold:   338        SH:  0    Dex:  9    Spells: 9/9 levels left

rFire    x . .     SeeInvis .   s - +0 hand axe (curse)
rCold    + . .     Gourm    .   (no shield)
rNeg     + + .     Faith    .   m - -1 robe (curse)
rPois    ∞         Spirit   .   p - +2 hat
rElec    +         Reflect  .   (no cloak)
rCorr    .         Harm     .   (no gloves)
MR       .....                  (no boots)
Stlth    +++.......             (no amulet)
HPRegen  0.20/turn              t - ring of ice
MPRegen  0.12/turn              u - ring of positive energy

@: corroded
A: negative energy resistance 1, electricity resistance, unbreathing,
petrification resistance, rot immunity, AC +7
a: Berserk, Trog's Hand, Brothers in Arms, Burn Spellbooks, Renounce Religion


You were on level 10 of the Dungeon.
You worshipped Trog.
Trog was greatly pleased with you.
You were hungry.

You visited 1 branch of the dungeon, and saw 10 of its levels.

You collected 338 gold pieces.

Inventory:

Hand Weapons
 d - a +2 hand axe of electrocution
 s - a cursed +0 hand axe (weapon)
 w - a +2 hand axe of venom
 y - a +0 hand axe of electrocution
Armour
 b - a +1 animal skin
 m - a cursed -1 robe (worn)
 p - a +2 hat (worn)
Jewellery
 e - an uncursed ring of protection from fire
 h - an uncursed ring of resist corrosion
 j - an uncursed ring of protection from cold
 l - an uncursed ring of fire
 t - a ring of ice (left hand)
 u - a ring of positive energy (right hand)
Wands
 r - a wand of digging (14)
Scrolls
 x - 2 scrolls of blinking
 z - a scroll of teleportation
Potions
 a - 3 potions of brilliance
 f - a potion of magic
 g - 2 potions of haste
 i - 6 potions of curing
 k - 3 potions of agility
 n - a potion of might
 o - a potion of flight
 q - a potion of ambrosia {unknown}
 v - 2 potions of resistance {unknown}
Comestibles
 c - 23 rations


   Skills:
 + Level 7.6 Fighting
 + Level 9.6 Axes
 + Level 2.4 Armour
 + Level 6.1 Dodging
 + Level 5.4 Stealth


You had 9 spell levels left.
You didn't know any spells.

Dungeon Overview and Level Annotations

Branches:
Dungeon (10/15)            Temple (0/1) D:4             Orc (0/2) D:9
   Lair: D:8-11

Altars:
Ashenzari
Elyvilon
Hepliaklqana
Kikubaaqudgha
Okawaru
Ru
Trog
Uskayaw
Wu Jian
Xom
Zin
The Shining One
Beogh

Shops:
D:3 *


Innate Abilities, Weirdness & Mutations

You are resistant to torment.
Your stone body is resilient. (AC +7)
You are immune to poison.
You resist negative energy. (rN+)
You are resistant to electric shocks. (rElec)
You can survive without breathing.
You are immune to petrification.
You are immune to rotting.


Message History

You barely miss the jelly. The hippogriff bites you!
The hippogriff pecks you but does no damage.
The hippogriff claws you.
* * * LOW HITPOINT WARNING * * *
You are too injured to fight recklessly!
You are too injured to fight recklessly!
You slash the jelly!
You kill the jelly!
Trog accepts your kill.
You barely miss the hippogriff. You hit the hippogriff.
The hippogriff is severely wounded.
The hippogriff misses you. The hippogriff pecks you.
* * * LOW HITPOINT WARNING * * *
The hippogriff claws you!
* * * LOW HITPOINT WARNING * * *
You hit the hippogriff but do no damage.
The hippogriff is severely wounded.
The hippogriff completely misses you. The hippogriff pecks you!
You die...

## #.
#####.###
#......?#
#.......#
#....)..#
#....%H.######
#.....@......#
#.......####..
#.......#
#.......#
#.......#
#########


You could see a hippogriff.

Vanquished Creatures
  2 centaur zombies (D:9)
  Grinder (D:6)
  A yak (D:7)
  3 hogs (D:7)
  A human (D:7)
  Menkaure (D:6)
  5 orc warriors
  A phantom (D:9)
  A black bear (D:9)
  3 ogres
  2 bullfrogs
  5 killer bees (D:7)
  3 wights (D:8)
  3 crimson imps
  A quasit (D:7)
  2 bullfrog zombies
  A bullfrog skeleton (D:9)
  2 hounds
  6 orc priests
  3 jellies
  13 orc wizards
  An iguana (D:6)
  Natasha (thrice) (D:3)
  4 worker ants
  A worker ant zombie (D:9)
  3 howler monkey skeletons
  11 adders
  An ooze (D:1)
  An adder skeleton (D:6)
  2 worms
  3 dart slugs
  2 leopard geckos
  34 orcs
  3 ball pythons
  6 bats
  5 giant cockroaches
  10 goblins
  13 hobgoblins
  5 jackals
  6 kobolds
  6 frilled lizards
  A quokka skeleton (D:5)
  9 rats
190 creatures vanquished.

Notes
Turn   | Place    | Note
-------+----------+-------------------------------------------
     0 | D:1      | Fang the Gargoyle Berserker began the quest for the Orb.
     0 | D:1      | Reached XP level 1. HP: 14/14 MP: 1/1
   522 | D:1      | Reached XP level 2. HP: 18/19 MP: 2/2
   641 | D:1      | Reached skill level 3 in Axes
   934 | D:1      | Reached XP level 3. HP: 15/23 MP: 3/3
  1386 | D:2      | Found an iron altar of Okawaru.
  1431 | D:2      | Reached ** piety under Trog
  1431 | D:2      | Reached XP level 4. HP: 22/29 MP: 4/4
  1513 | D:2      | Found a shattered altar of Ashenzari.
  2136 | D:2      | Reached XP level 5. HP: 29/33 MP: 5/5
  2143 | D:2      | Reached skill level 1 in Stealth
  2265 | D:3      | Reached skill level 4 in Axes
  2308 | D:3      | Found Zin's Purification Station.
  2564 | D:3      | Noticed Natasha
  2568 | D:3      | Killed Natasha
  2590 | D:3      | Found a glowing silver altar of Zin.
  2719 | D:3      | Noticed Natasha
  2732 | D:3      | Killed Natasha
  2732 | D:3      | Reached *** piety under Trog
  3054 | D:3      | Noticed Natasha
  3070 | D:3      | Killed Natasha
  3070 | D:3      | Reached XP level 6. HP: 28/39 MP: 6/6
  3585 | D:4      | Got a warped long sword
  3586 | D:4      | Identified the +2 long sword of Valour {speed, rElec MP+9 Int-5 SInv} (You found it on level 4 of the Dungeon)
  3601 | D:4      | Found a staircase to the Ecumenical Temple.
  4343 | D:4      | Reached skill level 5 in Axes
  4650 | D:5      | Entered Level 5 of the Dungeon
  4709 | D:5      | Reached XP level 7. HP: 44/44 MP: 7/7
  5003 | D:5      | Reached skill level 5 in Fighting
  5246 | D:5      | Found an ornate altar of the Wu Jian Council.
  5325 | D:5      | Found a hide-covered altar of Uskayaw.
  5363 | D:5      | Found a sacrificial altar of Ru.
  5743 | D:5      | Found a glowing golden altar of the Shining One.
  5744 | D:5      | Found a shimmering altar of Xom.
  5747 | D:5      | Found a white marble altar of Elyvilon.
  5830 | D:6      | Found a hazy altar of Hepliaklqana.
  5855 | D:6      | Noticed Grinder
  5858 | D:6      | Paralysed by Grinder for 5 turns
  5870 | D:6      | Killed Grinder
  5870 | D:6      | Reached skill level 6 in Axes
  5870 | D:6      | Reached XP level 8. HP: 50/50 MP: 8/8
  6095 | D:6      | Noticed Menkaure
  6106 | D:6      | Killed Menkaure
  6191 | D:6      | Reached skill level 7 in Axes
  6431 | D:7      | Reached **** piety under Trog
  7059 | D:7      | Noticed a yak
  7069 | D:7      | Reached XP level 9. HP: 54/55 MP: 9/9
  7082 | D:7      | Reached skill level 8 in Axes
  7139 | D:7      | Found an ancient bone altar of Kikubaaqudgha.
  7280 | D:7      | Reached skill level 5 in Dodging
  7996 | D:8      | Found a bloodstained altar of Trog.
  8809 | D:8      | Reached skill level 5 in Stealth
  8962 | D:9      | Reached skill level 9 in Axes
  8962 | D:9      | Reached XP level 10. HP: 14/63 MP: 10/10
 10237 | D:9      | Found a staircase to the Orcish Mines.
 10267 | D:9      | HP: 4/94 [orc warrior/battleaxe (7)]
 10654 | D:9      | Found a roughly hewn altar of Beogh.
 11070 | D:10     | Entered Level 10 of the Dungeon
 11079 | D:10     | Slain by a hippogriff

Skill      XL: |  1  2  3  4  5  6  7  8  9 10 |
---------------+-------------------------------+-----
Axes           | 3 4 5 6 7 9 |  9.6
Dodging        | 2 3 4 5 6 |  6.1
Fighting       | 4 5 6 7 |  7.6
Stealth        | 1 2 3 4 5 |  5.4
Armour         | |  2.4

Action                   |  1- 3 |  4- 6 |  7- 9 | 10-12 || total
-------------------------+-------+-------+-------+-------++-------
Melee: Hand axe          |    93 |   127 |   354 |   147 ||   721
Invok: Berserk           |     2 |     5 |     7 |     4 ||    18
  Use: Scroll            |       |    14 |     6 |       ||    20
 Stab: Sleeping          |     1 |       |     8 |     3 ||    12
  Eat: Chunk             |     3 |     7 |    17 |     5 ||    32
       Ration            |       |     2 |     1 |     2 ||     5
Armor: Animal skin       |    26 |    26 |       |       ||    52
       Robe              |       |     3 |   125 |    45 ||   173
Dodge: Dodged            |    55 |    76 |   257 |    89 ||   477
